 Dungeon Crawl Stone Soup version 0.27.1-1-g398f81649c (webtiles) character file.

Game seed: 16281574327774679847

18 boopmooplesden the Covered (level 2, -3/27 HPs)
             Began as a Minotaur Fighter on Sept 17, 2021.
             Slain by a black bear (4 damage)
             ... on level 2 of the Dungeon.
             The game lasted 00:00:48 (828 turns).

boopmooplesden the Covered (Minotaur Fighter)        Turns: 828, Time: 00:00:50

Health: -3/27      AC:  7    Str: 20    XL:     2   Next: 51%
Magic:  1/1        EV:  7    Int:  5    God:
Gold:   42         SH:  9    Dex:  9    Spells: 1/1 levels left

rFire    . . .     SeeInvis .   a - +0 war axe
rCold    . . .     Faith    .   c - +0 kite shield
rNeg     . . .     Spirit   .   b - +0 scale mail
rPois    .         Reflect  .   (helmet restricted)
rElec    .         Harm     .   (no cloak)
rCorr    .         Rampage  .   (no gloves)
Will     .....                  (no boots)
Stlth    ..........             (no amulet)
HPRegen  0.09/turn              (no ring)
MPRegen  0.07/turn              (no ring)

@: no status effects
A: horns 2, retaliatory headbutt
a: no special abilities


You were on level 2 of the Dungeon.
You visited 1 branch of the dungeon, and saw 2 of its levels.

You collected 42 gold pieces.

Inventory:

Hand Weapons
 a - a +0 war axe (weapon)
Armour
 b - a +0 scale mail (worn)
 c - a +0 kite shield (worn)
 h - a +0 chain mail
Scrolls
 e - 2 scrolls of noise {unknown}
 g - a scroll of fear {unknown}
Potions
 d - a potion of might
 f - a potion of flight {unknown}
 i - a potion of resistance {unknown}
 j - a potion of cancellation {unknown}


   Skills:
 + Level 3.9 Fighting
 + Level 2.7 Axes
 + Level 4.1 Armour
 + Level 3.8 Shields


You had one spell level left.
You didn't know any spells.
Your spell library contained the following spells:

 Spells                   Type           Power      Damage    Failure   Level
 Corona                   Hex            0%         N/A       99%         1
 Ensorcelled Hibernation  Hex/Ice        0%         N/A       100%        2
 Tukima's Dance           Hex            0%         N/A       100%        3


Dungeon Overview and Level Annotations

Branches:
Dungeon (2/15)

Altars:


Innate Abilities, Weirdness & Mutations

You have a pair of horns on your head.
You reflexively headbutt those who attack you in melee.


Message History

You see here a hobgoblin corpse.
A black bear comes into view.
The black bear growls angrily.
You block the black bear's attack. x2; The black bear claws you.
You hit the black bear.
The black bear is moderately wounded.
The black bear barely misses you.
The black bear claws you but does no damage.
You block the black bear's attack.
You barely miss the black bear.
The black bear is moderately wounded.
You block the black bear's attack.
The black bear claws you but does no damage.
The black bear claws you. The black bear bites you.
The black bear claws you but does no damage. x2
You barely miss the black bear.
The black bear is moderately wounded.
You block the black bear's attack.
The black bear claws you but does no damage.
The black bear claws you. The black bear bites you.
The black bear claws you but does no damage.
The black bear claws you.
You slash the black bear!
The black bear is severely wounded.
The black bear bites you.
* * * LOW HITPOINT WARNING * * *
The black bear claws you but does no damage.
You block the black bear's attack.
You slash the black bear!
The black bear is almost dead.
The black bear bites you but does no damage.
You block the black bear's attack. x2; The black bear goes berserk!
You completely miss the black bear. Your headbutt misses the black bear.
The black bear is almost dead.
The black bear bites you.
* * * LOW HITPOINT WARNING * * *
You block the black bear's attack.
The black bear claws you but does no damage.
The black bear bites you.
You die...

### ..# ..# ..# #.#
..# #.# ..#
########.##
..#######.........#
..................# #
........<.[.......#..#
................@h...#
..##.......†.....#...#
###...##.........# ..+
......##.........# ##
##....##.........#
##....##.#########
.#....##.# ##....##..
.#)#+#####


You could see a black bear (berserk).

Vanquished Creatures
  2 bats (D:1)
  2 goblins (D:1)
  2 hobgoblins
  A quokka (D:2)
  4 ball pythons (D:1)
  2 frilled lizards (D:1)
  3 kobolds
  A rat (D:1)
17 creatures vanquished.

Notes
Turn   | Place    | Note
-------+----------+-------------------------------------------
     0 | D:1      | boopmooplesden the Minotaur Fighter began the quest for the
                  | Orb.
     0 | D:1      | Reached XP level 1. HP: 19/19 MP: 0/0
    18 | D:1      | Found a faded altar of an unknown god.
   268 | D:1      | Reached XP level 2. HP: 26/27 MP: 1/1
   297 | D:1      | Reached skill level 4 in Armour
   819 | D:2      | Noticed a black bear
   828 | D:2      | HP: 1/27 [black bear (6)]
   828 | D:2      | Slain by a black bear

Illustrated notes

Levels and vault maps discovered:
D:1:      dpeg_arrival_stone_temple_mockup, layout_basic, basic_ecumenical_altar
D:2:      layout_basic, nrook_loot_triangle, chequers_avenue

Skill      XL: |  1  2 |
---------------+-------+-----
Armour         | 4 |  4.1
Fighting       | |  3.9
Axes           | |  2.7
Shields        | |  3.8

Action                   || total
-------------------------++-------
Melee: War axe           ||    43
       Headbutt          ||     5
Armor: Scale mail        ||    28
Dodge: Dodged            ||    13
Block: Kite shield       ||    34
